 Dungeon Crawl Stone Soup version 0.20-a0-463-g5747544 (webtiles) character file.

17138 Theaset the Basher (level 12, -21/94 HPs)
             Began as a Barachian Monk on Jan 10, 2017.
             Was the Champion of Cheibriados.
             Hit by a large rock thrown by a cyclops (30 damage)
             ... on level 11 of the Dungeon.
             The game lasted 00:26:09 (12992 turns).

Theaset the Basher (Barachian Monk)                Turns: 12992, Time: 00:26:10

Health: -21/94     AC: 21    Str: 26    XL:     12   Next: 44%
Magic:  17/17      EV: 15    Int: 27    God:    Cheibriados [******]
Gold:   266        SH:  0    Dex: 32    Spells: 11/11 levels left

rFire  + . .     SeeInvis .     j - +0 whip (elec)
rCold  . . .     Gourm    .     g - +0 chain mail
rNeg   . . .     Faith    .     (no shield)
rPois  .         Spirit   .     k - +0 helmet
rElec  .         Reflect  .     y - +1 cloak
rCorr  .         Harm     .     V - +2 pair of gloves
MR     +....                    p - +1 pair of boots
Stlth  ..........               (no amulet)
                                L - +4 ring of dexterity
                                w - ring of protection from fire

@: can't hop, very slow
A: swims, magic resistance 1, slowness 1, evolution 1, strong legs 1
a: Hop, Bend Time, Temporal Distortion, Slouch, Step From Time, Renounce
Religion


You were on level 11 of the Dungeon.
You worshipped Cheibriados.
Cheibriados was exalted by your worship.
You were not hungry.

You visited 1 branch of the dungeon, and saw 11 of its levels.

You collected 657 gold pieces.
You spent 391 gold pieces at shops.

Inventory:

Hand Weapons
 j - a +0 whip of electrocution (weapon)
 q - a +2 broad axe of chopping
 R - a +2 flail of holy wrath
 U - a +2 war axe of flaming
 X - a +1 dire flail
Armour
 b - a +0 robe
 g - a +0 chain mail (worn)
 k - a +0 helmet (worn)
 l - a +0 ring mail
 p - a +1 pair of boots (worn)
 y - a +1 cloak (worn)
 V - a +2 pair of gloves (worn)
Jewellery
 d - an uncursed ring of ice
 w - a ring of protection from fire (left hand)
 x - an uncursed ring of fire
 B - an uncursed ring of resist corrosion
 I - an uncursed ring of flight
 L - a +4 ring of dexterity (right hand)
Wands
 t - a wand of iceblast (2/15)
 u - a wand of paralysis (1/24)
 C - a wand of clouds (3/9)
 P - a wand of scattershot (4/9)
Scrolls
 f - 12 scrolls of teleportation
 m - 7 scrolls of remove curse
 o - 2 scrolls of amnesia
 D - a scroll of identify
 F - 3 scrolls of immolation
 O - a scroll of magic mapping
Potions
 e - 5 potions of curing
 n - 7 potions of brilliance
 r - 2 potions of haste
 s - 3 potions of degeneration
 T - 3 potions of mutation
 Y - a potion of cure mutation
Books
 a - a book of Callings

   Spells                             Type                      Level
   a - Summon Small Mammal            Summoning                    1
   b - Call Imp                       Summoning                    2
   c - Call Canine Familiar           Summoning                    3
   d - Summon Guardian Golem          Hexes/Summoning              3
   e - Summon Lightning Spire         Summoning/Air                4
   f - Summon Ice Beast               Ice/Summoning                4
 h - a book of Cantrips

   Spells                             Type                      Level
   a - Confusing Touch                Hexes                        1
   b - Animate Skeleton               Necromancy                   1
   c - Summon Small Mammal            Summoning                    1
   d - Apportation                    Translocation                1
 H - a book of Changes

   Spells                             Type                      Level
   a - Beastly Appendage              Transmutation                1
   b - Sticks to Snakes               Transmutation                2
   c - Spider Form                    Transmutation/Poison         3
   d - Ice Form                       Ice/Transmutation            4
   e - Blade Hands                    Transmutation                5
 W - a book of Maledictions

   Spells                             Type                      Level
   a - Corona                         Hexes                        1
   b - Ensorcelled Hibernation        Hexes/Ice                    2
   c - Confuse                        Hexes                        3
   d - Tukima's Dance                 Hexes                        3
   e - Dazzling Spray                 Conjuration/Hexes            3
Miscellaneous
 i - a fan of gales
 v - a box of beasts
Comestibles
 c - 6 bread rations
 A - 2 meat rations
 G - 4 fruits
 K - 2 beef jerkies
 N - 9 slices of pizza


   Skills:
 + Level 8.8 Fighting
   Level 3.8 Long Blades
 * Level 13.0 Maces & Flails
 + Level 9.8 Armour
 + Level 6.7 Dodging
 - Level 2.0 Stealth
 * Level 7.9 Invocations


You had 11 spell levels left.
You didn't know any spells.

Dungeon Overview and Level Annotations

Branches:
Dungeon (11/15)            Temple (0/1) D:6            Lair (0/6) D:11
    Orc: D:9-12

Altars:
Ashenzari
Cheibriados
Kikubaaqudgha
Nemelex Xobeh
Qazlal
Ru
Sif Muna
Xom

Shops:
D:4 (%=   D:8 :   D:9 %


Innate Abilities, Weirdness & Mutations

You can swim through water.
You cover ground slowly.
You can hop short distances.
You are resistant to hostile enchantments. (MR+)
You evolve.


Message History

Hop to where?
Press: ? - help, Dir - move target cursor Boing!
The cyclops throws a large rock.
The large rock closely misses you.
Found 3 scrolls of blinking.
Found a stone staircase leading up.
You feel better.
Unknown command.
Okay, then.
Okay, then.
Unknown command.
Okay, then.
Unknown command.
As you read the scroll labeled VEOPPA MYMI, it crumbles to dust.
It is a scroll of enchant weapon.
Your +0 dire flail glows red for a moment.
The cyclops throws a large rock.
The large rock hits you!
* * * LOW HITPOINT WARNING * * *
Okay, then.
You fail to use your ability.
The cyclops throws a large rock.
The large rock hits you!!
You die...

..?.<....# .........#
.........# .........
......... ........#
.......(# #.........@#
#..........# #..........#
#..#####'#.# ..#
#..#..>.C#H#####..#
#..#.....'.†......#
#..#.....#.(......#
#####..#.....#...H....#
###......#.....#........#


You could see a cyclops and a friendly larval stingshock beast.

Vanquished Creatures
  Harold (D:11)
  Erica (D:9)
  5 two-headed ogres
  Sonja (D:11)
  A cyclops (D:11)
  3 centaur zombies (D:7)
  A manticore (D:11)
  2 trolls
  3 hippogriffs
  2 vampires (D:10)
  2 wyverns
  3 hogs (D:9)
  A human (D:9)
  7 yaks
  A hungry ghost (D:8)
  A vampire mosquito (D:11)
  2 water moccasins
  2 porcupines (D:11)
  5 orc warriors
  4 sky beasts
  3 ice beasts
  2 black bears
  2 ogres
  2 necrophages
  2 phantoms
  3 centaurs
  2 crocodiles (D:11)
  A big kobold (D:10)
  3 gnoll sergeants (D:9)
  8 bullfrogs
  A wyvern zombie (D:7)
  A water moccasin zombie (D:8)
  6 scorpions
  8 killer bees
  8 howler monkeys
  9 wights
  3 crimson imps
  3 centaur skeletons
  5 hounds
  4 jellies
  8 orc priests
  2 gnoll shamans
  7 orc wizards
  4 iguanas
  7 worker ants
  A hound skeleton (D:11)
  A howler monkey zombie (D:8)
  2 worker ant zombies
  18 gnolls
  13 adders
  2 howler monkey skeletons (D:10)
  6 shadow imps
  An ooze (D:4)
  An adder zombie (D:7)
  4 worms
  A dart slug (D:2)
  5 leopard geckos
  40 orcs
  6 giant cockroaches
  6 goblins
  2 hobgoblins (D:2)
  6 jackals
  9 kobolds
  3 quokkas
  3 ball pythons
  9 bats
  4 frilled lizards
  A quokka skeleton (D:6)
  6 rats
302 creatures vanquished.

Vanquished Creatures (collateral kills)
  A cyclops (D:11)
1 creature vanquished.

Vanquished Creatures (others)
  A wyvern (D:9)
  An ogre (D:6)
  A hound skeleton (D:4)
  An adder (D:6)
  2 fungi (D:11)
  3 plants (D:11)
9 creatures vanquished.

Grand Total: 312 creatures vanquished

Notes
Turn   | Place    | Note
-------+----------+-------------------------------------------
     0 | D:1      | Theaset the Barachian Monk began the quest for the Orb.
     0 | D:1      | Reached XP level 1. HP: 18/18 MP: 1/1
   298 | D:1      | Reached XP level 2. HP: 24/24 MP: 2/2
   671 | D:2      | Reached skill level 1 in Maces & Flails
   671 | D:2      | Reached XP level 3. HP: 13/29 MP: 3/3
  1152 | D:2      | Found a sparkling altar of Nemelex Xobeh.
  1401 | D:2      | Reached XP level 4. HP: 37/37 MP: 4/4
  1954 | D:3      | Reached skill level 1 in Armour
  2207 | D:3      | Found a sacrificial altar of Ru.
  2374 | D:3      | Reached skill level 2 in Maces & Flails
  2575 | D:3      | Reached XP level 5. HP: 20/42 MP: 5/5
  2739 | D:4      | Found Siesoukogo's Antique Weapon Emporium.
  3025 | D:4      | Found a stormy altar of Qazlal.
  3117 | D:4      | Reached skill level 3 in Maces & Flails
  3451 | D:4      | Found Hikatuas's Jewellery Shoppe.
  3814 | D:4      | Found Lone's Food Shop.
  4047 | D:4      | Reached XP level 6. HP: 30/48 MP: 6/6
  4212 | D:5      | Entered Level 5 of the Dungeon
  4381 | D:5      | Noticed a sky beast
  4407 | D:5      | Killed a sky beast
  4407 | D:5      | Reached skill level 4 in Maces & Flails
  4560 | D:5      | Reached XP level 7. HP: 19/54 MP: 7/7
  5052 | D:6      | Reached skill level 5 in Maces & Flails
  5170 | D:6      | Found a shimmering altar of Xom.
  5278 | D:6      | Found a staircase to the Ecumenical Temple.
  5558 | D:6      | Found a snail-covered altar of Cheibriados.
  5605 | D:6      | Became a worshipper of Cheibriados the Contemplative
  5605 | D:6      | Reached * piety under Cheibriados
  5605 | D:6      | Reached ** piety under Cheibriados
  5611 | D:6      | Reached XP level 8. HP: 59/61 MP: 8/8
  5642 | D:6      | Reached skill level 6 in Maces & Flails
  6132 | D:7      | Reached skill level 7 in Maces & Flails
  6132 | D:7      | Reached skill level 5 in Dodging
  6322 | D:4      | Bought a brightly glowing great sword for 391 gold pieces
  6322 | D:4      | Identified the +5 great sword of Popular Demand {slice, rF- MP-9 Int+8 SInv} (You bought it in a shop on level 4 of the Dungeon)
  6434 | D:7      | Reached skill level 5 in Fighting
  6640 | D:7      | Reached skill level 5 in Armour
  6778 | D:7      | Reached XP level 9. HP: 64/68 MP: 10/10
  6786 | D:7      | Noticed a hellwing
  6800 | D:7      | Noticed a hellwing
  7074 | D:8      | Reached skill level 8 in Maces & Flails
  7385 | D:8      | Noticed a two-headed ogre
  7415 | D:8      | Killed a two-headed ogre
  7415 | D:8      | Reached skill level 9 in Maces & Flails
  7570 | D:8      | Reached *** piety under Cheibriados
  7839 | D:8      | Gained mutation: You evolve. [potion of beneficial mutation]
  7843 | D:8      | Reached XP level 10. HP: 76/76 MP: 13/13
  7951 | D:8      | Found Uqol's Book Emporium.
  8167 | D:7      | Reached skill level 5 in Invocations
  8202 | D:7      | Reached skill level 10 in Maces & Flails
  8651 | D:9      | Found a sparkling altar of Nemelex Xobeh.
  8692 | D:9      | Found Xumpasev's Food Boutique.
  8733 | D:9      | Reached **** piety under Cheibriados
  9185 | D:9      | Noticed Erica
  9206 | D:9      | Killed Erica
  9671 | D:9      | Reached ***** piety under Cheibriados
  9763 | D:9      | Found a deep blue altar of Sif Muna.
  9770 | D:9      | Found a shattered altar of Ashenzari.
  9771 | D:9      | Found an ancient bone altar of Kikubaaqudgha.
  9772 | D:9      | Found a snail-covered altar of Cheibriados.
  9775 | D:9      | Found a stormy altar of Qazlal.
  9880 | D:9      | Reached skill level 11 in Maces & Flails
  9880 | D:9      | Reached XP level 11. HP: 81/83 MP: 15/15
 10368 | D:10     | Entered Level 10 of the Dungeon
 10463 | D:10     | Noticed a two-headed ogre
 10491 | D:10     | Killed a two-headed ogre
 10644 | D:10     | Found a shimmering altar of Xom.
 10921 | D:10     | Noticed a two-headed ogre
 10939 | D:10     | Killed a two-headed ogre
 11215 | D:10     | Gained mutation: You are resistant to hostile enchantments. (MR+) [evolution]
 11929 | D:10     | Reached ****** piety under Cheibriados
 11929 | D:10     | Reached skill level 12 in Maces & Flails
 12010 | D:10     | Noticed a two-headed ogre
 12020 | D:10     | Killed a two-headed ogre
 12096 | D:11     | Noticed a cyclops
 12112 | D:11     | Killed a cyclops
 12333 | D:11     | Noticed a cyclops
 12342 | D:11     | Killed a cyclops
 12342 | D:11     | Reached XP level 12. HP: 73/93 MP: 17/17
 12500 | D:11     | Noticed Sonja
 12501 | D:11     | Killed Sonja
 12716 | D:11     | Noticed a two-headed ogre
 12722 | D:11     | Killed a two-headed ogre
 12741 | D:11     | Noticed Harold
 12786 | D:11     | Killed Harold
 12806 | D:11     | Found a staircase to the Lair.
 12963 | D:11     | Reached skill level 13 in Maces & Flails
 12992 | D:11     | Hit by a large rock thrown by a cyclops

Vault maps used:
D:1:      eino_arrival_tree_alley
D:2:      first_bread, nemelex_diamond_rough_becter
D:3:      nicolae_ru_the_path_less_chosen, hangedman_glass_teeth, hex_tiny
D:4:      serial_shops, shop, nicolae_shop_behind_doors,
          nicolae_shop_temple_entry_statues_fountains, minmay_misc_feat_plants,
          nicolae_qazlal_eye_of_the_storm
D:6:      xom_confusion_cloud, basic_altar
D:7:      cheibrodos_grave_circle
D:8:      serial_shops, kennysheep_mini
D:9:      nemelex_xobeh_ov_fountains_minmay, minitemple, serial_shops,
          nicolae_shop_behind_doors, grunt_livestock, uniq_erica
D:10:     basic_altar
D:11:     due_lair_maze_entry_diamond, minmay_radiant, uniq_sonja, uniq_harold

Skill      XL: |  1  2  3  4  5  6  7  8  9 10 11 12 |
---------------+-------------------------------------+-----
Maces & Flails | 1 2 3 4 5 7 9 11 12 13 | 13.0
Armour         | 1 2 4 5 6 7 9 |  9.8
Fighting       | 4 5 6 8 |  8.8
Dodging        | 4 5 6 |  6.7
Invocations    | 2 4 6 7 |  7.9
Long Blades    | |  3.8
Stealth        | |  2.0

Action                   |  1- 3 |  4- 6 |  7- 9 | 10-12 || total
-------------------------+-------+-------+-------+-------++-------
Melee: Falchion          |    43 |       |       |       ||    43
       Whip              |    58 |   206 |   342 |   741 ||  1347
       Dire flail        |       |       |       |    28 ||    28
       Flail             |       |       |       |     4 ||     4
Invok: Slouch            |       |       |       |     3 ||     3
 Abil: Hop               |       |       |     1 |     2 ||     3
Evoke: Wand              |       |     1 |     6 |    12 ||    19
       Box of beasts     |       |       |       |     2 ||     2
  Use: Potion            |     1 |     2 |     2 |     6 ||    11
       Scroll            |       |    15 |     6 |     3 ||    24
 Stab: Sleeping          |     3 |     3 |     2 |       ||     8
       Invisible         |       |     1 |       |       ||     1
       Paralysed         |       |     7 |       |     7 ||    14
       Distracted        |       |       |       |     1 ||     1
  Eat: Chunk             |     2 |     4 |     6 |     4 ||    16
       Meat ration       |       |     1 |       |     1 ||     2
       Bread ration      |       |     1 |       |       ||     1
       Royal jelly       |       |       |       |     1 ||     1
Armor: Robe              |    13 |       |       |       ||    13
       Ring mail         |    25 |    61 |    89 |       ||   175
       Chain mail        |       |       |    26 |   350 ||   376
       Skin              |       |       |       |     4 ||     4
Dodge: Dodged            |    87 |   100 |   179 |   445 ||   811
       Rpst.: Falchion   |    12 |       |       |       ||    12
